 Dungeon Crawl Stone Soup version 0.14.0-25-g43f8a4e (webtiles) character file.

17385 Warcry the Thrower (level 12, -13/71 HPs)
             Began as a Gargoyle Gladiator on Apr 25, 2014.
             Was a High Priest of Kikubaaqudgha.
             Killed from afar by Azrael (37 damage)
             ... with a blast of hellfire
             ... on Level 1 of the Snake Pit.
             The game lasted 02:48:27 (12820 turns).

Warcry the Thrower (Gargoyle Gladiator)            Turns: 12820, Time: 02:48:28

HP -13/71        AC 40     Str 27      XL: 12   Next: 42%
MP  17/17        EV  1     Int 10      God: Kikubaaqudgha [*****.]
Gold 431         SH 40     Dex 14      Spells:  0 memorised, 11 levels left

rFire  + . .     SeeInvis .     a - +4,+1 war axe
rCold  . . .     Clarity  .     g - +4 crystal plate armour of Twom {+Inv rPois Acc-3 Dam+3}
rNeg   + . .     Conserve .     h - +3 large shield of the Great Game {Str+2 Dex+1}
rPois  +         rCorr    .     Q - +2 helmet
rElec  +         rRot     +     P - +2 cloak
SustAb + .       Spirit   .     (no gloves)
rMut   .         Warding  .     x - +1 pair of boots
Saprov . . .     Stasis   .     (no amulet)
MR     .....                    V - ring of protection from fire
                                s - ring of sustain abilities

@: mighty, not resistant to hostile enchantments, extremely unstealthy
A: life protection 1, electricity resistance, unbreathing, petrification
resistance, AC +8
a: Receive Corpses, Torment, Renounce Religion, Evoke Invisibility


You were on level 1 of the Snake Pit.
You worshipped Kikubaaqudgha.
Kikubaaqudgha was extremely pleased with you.
You were not hungry.

You visited 4 branches of the dungeon, and saw 13 of its levels.
You also visited: Bailey.

You collected 658 gold pieces.
You spent 227 gold pieces at shops.

Inventory:

Hand weapons
 a - a +4,+1 war axe (weapon)
Missiles
 d - 156 darts
 r - 29 poisoned needles
 B - 5 steel darts
 Z - 2 tomahawks (quivered)
Armour
 g - the +4 crystal plate armour of Twom (worn) {+Inv rPois Acc-3 Dam+3}
   (You found it in a bailey)

   It affects your accuracy with ranged weapons and melee attacks (-3).
   It affects your damage with ranged weapons and melee attacks (+3).
   It protects you from poison.
   It lets you turn invisible.
 h - the +3 large shield of the Great Game (worn) {Str+2 Dex+1}
   (You found it in a bailey)

   It affects your strength (+2).
   It affects your dexterity (+1).
 x - a +1 pair of boots (worn)
 P - a +2 cloak (worn)
 Q - a +2 helmet (worn)
Magical devices
 b - a wand of paralysis (2)
 t - a wand of magic darts (1)
 v - a wand of disintegration (19)
 D - a wand of teleportation (6)
 Y - a wand of draining (3) {unknown}
Comestibles
 f - 7 bread rations
 i - 3 chokos
 k - a rambutan
 l - 3 beef jerkies
 m - 4 meat rations
 n - 2 chunks of black mamba flesh
 O - 9 cheeses
 U - 2 pears
Scrolls
 q - a scroll of remove curse
 y - a scroll of recharging
 R - 3 scrolls of teleportation
Jewellery
 s - a ring of sustain abilities (left hand)
 z - an uncursed ring of sustenance
 H - an uncursed ring of flight
 M - an uncursed ring of teleportation
 V - a ring of protection from fire (right hand)
Potions
 c - 3 potions of invisibility
 p - 3 potions of restore abilities
 w - a potion of poison {unknown}
 F - 2 potions of curing
 I - a potion of porridge
 J - a potion of berserk rage {unknown}
 L - a potion of beneficial mutation {unknown}
 S - a potion of brilliance {unknown}
 X - a potion of magic {unknown}
Books
 e - Kikubaaqudgha's Grimoire of Darkness
   (Kikubaaqudgha gifted it to you on level 1 of the Lair of Beasts)

   Spells                             Type                      Level
   Animate Dead                       Necromancy                   4
   Excruciating Wounds                Charms/Necromancy            5
   Bolt of Draining                   Conjuration/Necromancy       5
   Dispel Undead                      Necromancy                   5
   Death Channel                      Necromancy                   6
 j - Kikubaaqudgha's Tome of Unholy Secrets
   (Kikubaaqudgha gifted it to you on level 7 of the Dungeon)

   Spells                             Type                      Level
   Animate Skeleton                   Necromancy                   1
   Lethal Infusion                    Charms/Necromancy            2
   Corpse Rot                         Necromancy                   2
   Vampiric Draining                  Necromancy                   3
   Control Undead                     Necromancy                   4
 o - a book of Wizardry

   Spells                             Type                      Level
   Summon Elemental                   Summoning                    4
   Agony                              Necromancy                   5
   Force Lance                        Conjuration                  5
   Haste                              Charms                       6
   Invisibility                       Hexes                        6
   Spellforged Servitor               Conjuration/Summoning        7
 E - a book of Control

   Spells                             Type                      Level
   Control Teleport                   Charms/Translocation         4
   Control Undead                     Necromancy                   4
   Enslavement                        Hexes                        4
   Metabolic Englaciation             Hexes/Ice                    5
   Mass Confusion                     Hexes                        6
 G - a book of Transfigurations

   Spells                             Type                      Level
   Stoneskin                          Transmutation/Earth          2
   Ice Form                           Ice/Transmutation            4
   Statue Form                        Transmutation/Earth          6
   Dragon Form                        Transmutation                7


   Skills:
 + Level 6.8 Fighting
 + Level 7.9 Axes
 + Level 11.0 Throwing
 + Level 7.3 Armour
 + Level 5.2 Dodging
 + Level 6.4 Stealth
 + Level 9.3 Shields
 + Level 2.6 Evocations


You had 11 spell levels left.
You didn't know any spells.

Dungeon Overview and Level Annotations

Branches:
Dungeon (8/15)             Temple (1/1) D:5            Lair (3/8) D:8
 Shoals (0/5) Lair:3        Snake (1/5) Lair:3

Altars:
Fedhas
Kikubaaqudgha
Okawaru
Xom
Yredelemnul

Shops:
D:6 !   D:7 :

Annotations:
Snake:1 Azrael


Innate Abilities, Weirdness & Mutations

You are resistant to torment.
You are immune to poison.
You are immune to rotting.
Your stone body is very resilient (AC +8).
You resist negative energy.
You are resistant to electric shocks.
You can survive without breathing.
You are immune to petrification.


Message History

Drink which item? (? for menu, Esc to quit)
You feel better. You block the fire elemental's attack.
Drink which item? (? for menu, Esc to quit)
You feel better. You block the fire elemental's attack.
You slash the fire elemental!
You destroy the fire elemental!
Azrael throws fire at you.
The bolt of fire hits the fire elemental.
The fire elemental completely resists.
The bolt of fire hits you! You resist.
You slice the fire elemental!!
The fire elemental is heavily damaged.
You block the fire elemental's attack. Azrael throws hellfire at you.
The hellfire explodes!
The blast of hellfire engulfs the fire elemental.
The fire elemental completely resists.
The blast of hellfire engulfs Azrael.
Azrael completely resists.
The blast of hellfire engulfs you!
Ouch! That really hurt!
You die...
Kikubaaqudgha rasps: "You have failed me!
Welcome... oblivion!"

,,...,,,* *,,* *##.##.....#*,,,,
,,,,,,,,* **,****..##......#*,,,,
,*,,,,,,***,***,.#.##......#*,,*,
,,*,,,,,**,****.,#.#......##,,***
,,,,,,,,*,** *,,*#.#......#*,,***
,,,,***,..** ****#......##...,,,,
,,,,,,,,...#** ##....###*...,,,,
*,*,,,,*#....**##....## **,,,,,,,
*,*,,,**#.....##@#...#***,,,,,,,,
**,,,,* *#....RE##.##.#*,,,,,,,,,
*,,,** #.....§####*#..,,,,,,,,,
*,,,** ###...>§*** *#..,,,,,,,,
*,**,****.....#§.,** *.,,,,,,,,,
**,***,,...##.#*..R,***,,,,,,,,,,
*,***,,,,.,,..**..E§,***,,,,,,,,,
,,* *,,,,,,...**..§.§,,,,,,,,,,,,
*** ***,,,,..#**##..*******,,,,,,


You could see Azrael and a fire elemental.

Vanquished Creatures
  2 orc knights (Bailey)
  An elephant (D:8)
  7 black mambas
  The ghost of ghwc the Insei, an experienced DrTm (D:5)
  3 spiny frogs
  A fire drake (Lair:3)
  2 komodo dragons
  A merfolk (Lair:3)
  9 blink frogs
  A basilisk (Lair:2)
  4 sharks (Lair:3)
  2 fire elementals (Snake:1)
  An elephant slug (D:8)
  A wyvern (D:8)
  10 yaks
  3 wolves (Lair:2)
  A human (D:7)
  A hippogriff (Lair:2)
  2 necrophages
  A hell hound (Snake:1)
  14 water moccasins
  6 porcupines
  2 ice beasts
  8 orc warriors
  2 black bears
  8 centaurs
  An ogre (D:4)
  A crocodile (Lair:3)
  2 giant slugs (Lair:1)
  11 giant frogs
  3 wights (D:8)
  A big fish (Lair:3)
  A goliath beetle (D:7)
  A crimson imp (D:8)
  A jelly (D:5)
  5 hounds
  2 orc priests
  3 orc wizards
  3 worker ants
  5 iguanas
  14 sheep
  4 gnolls (D:3)
  13 adders
  16 green rats (Lair:2)
  3 worms
  2 giant mites
  An inept feature mimic (D:3)
  An adder zombie (D:7)
  A giant eyeball (D:6)
  4 giant geckos
  2 oozes
  26 orcs
  23 bats
  5 giant cockroaches
  16 goblins
  14 hobgoblins
  9 jackals
  7 kobolds
  11 quokkas
  6 ball pythons
  3 giant newts
  A giant spore (D:7)
  13 rats
  A rat zombie (D:5)
  3 ballistomycetes (D:7)
333 creatures vanquished.

Vanquished Creatures (others)
  A scorpion (D:8)
  An eye of draining (D:8)
  A hound (D:8)
  An iguana (D:8)
  An adder (D:8)
  A plant (Lair:2)
6 creatures vanquished.

Grand Total: 339 creatures vanquished

Notes
Turn   | Place    | Note
--------------------------------------------------------------
     0 | D:1      | Warcry, the Gargoyle Gladiator, began the quest for the Orb.
     0 | D:1      | Reached XP level 1. HP: 12/12 MP: 1/1
   155 | D:1      | Reached skill level 3 in Axes
   155 | D:1      | Reached XP level 2. HP: 17/17 MP: 2/2
   462 | D:1      | Reached XP level 3. HP: 22/22 MP: 3/3
  1037 | D:2      | Reached XP level 4. HP: 27/27 MP: 4/4
  1991 | D:3      | Reached XP level 5. HP: 20/31 MP: 5/5
  2038 | D:3      | Reached skill level 1 in Armour
  2273 | D:3      | Reached skill level 4 in Throwing
  2352 | D:3      | Reached XP level 6. HP: 31/36 MP: 6/6
  3169 | D:4      | Reached skill level 5 in Throwing
  3169 | D:4      | Reached skill level 1 in Stealth
  3652 | D:5      | Entered Level 5 of the Dungeon
  3754 | D:5      | Reached XP level 7. HP: 14/40 MP: 7/7
  3967 | D:5      | Found an ancient bone altar of Kikubaaqudgha.
  3976 | D:5      | Became a worshipper of Kikubaaqudgha
  4012 | D:5      | Got a fabulously ornate robe
  4022 | D:5      | Identified the cursed -1 robe of the Black Skies {Str+3 Int-2} (You found it on level 5 of the Dungeon)
  4136 | D:5      | Noticed ghwc's ghost (experienced DrTm)
  4147 | D:5      | Killed ghwc's ghost
  4147 | D:5      | Reached XP level 8. HP: 43/46 MP: 8/8
  4283 | D:5      | Found a staircase to the Ecumenical Temple.
  4287 | Temple   | Entered the Ecumenical Temple
  4463 | D:5      | Reached skill level 6 in Throwing
  4733 | D:6      | Found Ijainuampo's Distillery.
  4840 | D:6      | Paralysed by a giant eyeball for 3 turns
  5129 | D:6      | Bought a potion of curing for 26 gold pieces
  5129 | D:6      | Bought a potion of porridge for 13 gold pieces
  5129 | D:6      | Bought a potion of heal wounds for 39 gold pieces
  5129 | D:6      | Bought a potion of curing for 26 gold pieces
  5129 | D:6      | Bought a potion of invisibility for 71 gold pieces
  5129 | D:6      | Bought 2 potions of curing for 52 gold pieces
  5274 | D:7      | Acquired Kikubaaqudgha's first power
  5274 | D:7      | Received a gift from Kikubaaqudgha
  5275 | D:7      | Identified Kikubaaqudgha's Tome of Unholy Secrets (Kikubaaqudgha gifted it to you on level 7 of the Dungeon)
  5386 | D:7      | Reached skill level 5 in Stealth
  5559 | D:7      | Reached XP level 9. HP: 49/52 MP: 9/9
  5680 | D:7      | Reached skill level 5 in Axes
  5680 | D:7      | Reached skill level 7 in Throwing
  5810 | D:7      | Found Klicuaq's Book Emporium.
  6223 | D:8      | Found a shimmering altar of Xom.
  6378 | D:8      | Found a flagged portal.
  6391 | D:8      | Acquired Kikubaaqudgha's second power
  6427 | Bailey   | Entered a bailey
  7043 | Bailey   | Noticed an orc knight
  7222 | Bailey   | Reached skill level 8 in Throwing
  7368 | Bailey   | Killed an orc knight
  7368 | Bailey   | Reached skill level 9 in Throwing
  7368 | Bailey   | Reached skill level 1 in Evocations
  7368 | Bailey   | Reached XP level 10. HP: 33/58 MP: 10/12
  7553 | Bailey   | Got a twisted crystal plate armour
  7556 | Bailey   | Got a warped large shield
  7577 | Bailey   | Identified the +4 crystal plate armour of Twom {+Inv rPois Acc-3 Dam+3} (You found it in a bailey)
  7585 | Bailey   | Identified the +3 large shield of the Great Game {Str+2 Dex+1} (You found it in a bailey)
  7601 | Bailey   | Noticed an orc knight
  7638 | Bailey   | Killed an orc knight
  7747 | D:8      | Reached skill level 1 in Shields
  7956 | D:8      | Found a staircase to the Lair.
  7956 | D:8      | Noticed an elephant
  8312 | D:8      | Killed an elephant
  8358 | Lair:1   | Entered Level 1 of the Lair of Beasts
  8368 | Lair:1   | Reached skill level 5 in Dodging
  8427 | Lair:1   | Reached skill level 5 in Fighting
  8654 | Lair:1   | Reached skill level 5 in Armour
  8838 | Lair:1   | Received a gift from Kikubaaqudgha
  8839 | Lair:1   | Identified Kikubaaqudgha's Grimoire of Darkness (Kikubaaqudgha gifted it to you on level 1 of the Lair of Beasts)
  8944 | Lair:1   | Reached skill level 10 in Throwing
  8979 | Lair:1   | Found an iron altar of Okawaru.
  9342 | Lair:1   | Reached XP level 11. HP: 52/64 MP: 15/15
  9864 | Lair:2   | Reached skill level 5 in Shields
 10302 | Lair:2   | Acquired Kikubaaqudgha's third power
 10582 | Lair:2   | You fall through a shaft!
 10733 | Lair:3   | Found a staircase to the Snake Pit.
 10807 | Lair:3   | Acquired Kikubaaqudgha's fourth power
 11247 | Lair:3   | Reached XP level 12. HP: 64/71 MP: 17/17
 12114 | Lair:3   | Found a staircase to the Shoals.
 12675 | Snake:1  | Entered Level 1 of the Snake Pit
 12733 | Snake:1  | Reached skill level 11 in Throwing
 12782 | Snake:1  | Noticed Azrael
 12820 | Snake:1  | Killed from afar by Azrael

Action                   |  1- 3 |  4- 6 |  7- 9 | 10-12 || total
-------------------------+-------+-------+-------+-------++-------
Melee: War axe           |    54 |   112 |   256 |   791 ||  1213
Throw: Throwing net      |    21 |     2 |       |       ||    23
       Dart              |    15 |       |   180 |   199 ||   394
       Tomahawk          |     8 |    87 |    91 |    50 ||   236
 Abil: Evoke Flight      |       |       |     2 |     1 ||     3
       Evoke Invisibilit |       |       |       |     1 ||     1
Evoke: Wand              |       |     1 |    20 |    13 ||    34
  Use: Scroll            |       |    16 |    11 |    16 ||    43
       Potion            |       |     1 |     7 |     8 ||    16
 Stab: Held in net/web   |     1 |       |       |       ||     1
       Paralysed         |       |     1 |    16 |    11 ||    28
       Sleeping          |       |       |     7 |       ||     7
       Invisible         |       |       |     3 |       ||     3
       Confused          |       |       |     1 |       ||     1
